 Dungeon Crawl Stone Soup version 0.24.0-123-gd5b16e6ec5 (webtiles) character file.

Game seed: 11190296166298642075, levelgen mode: deterministic

501 Ponchio the Conjurer (level 7, -1/45 HPs)
             Began as an Octopode Conjurer on Jan 20, 2020.
             Shot with an arrow by a centaur (10 damage)
             ... on level 5 of the Dungeon.
             The game lasted 00:16:43 (6248 turns).

Ponchio the Conjurer (Octopode Conjurer)            Turns: 6248, Time: 00:16:44

Health: -1/45      AC:  1    Str:  8    XL:     7   Next: 17%
Magic:  14/14      EV: 13    Int: 22    God:
Gold:   155        SH:  0    Dex: 12    Spells: 11/15 levels left

rFire    . . .     SeeInvis .     - Unarmed
rCold    + . .     Gourm    .   (no shield)
rNeg     . . .     Faith    .   (helmet restricted)
rPois    .         Spirit   .   (no amulet)
rElec    .         Reflect  .   d - ring of protection from cold
rCorr    .         Harm     .   g - +3 ring of intelligence
MR       .....                  (no ring)
Stlth    +++.......             (no ring)
HPRegen  0.15/turn              (no ring)
MPRegen  0.14/turn              (no ring)
                                (no ring)
                                (no ring)

@: no status effects
A: almost no armour, stealthy swim, amphibious, 8 rings, constrict 8, camouflage
1, gelatinous body 1
a: no special abilities


You were on level 5 of the Dungeon.
You were very hungry.

You visited 1 branch of the dungeon, and saw 5 of its levels.

You collected 155 gold pieces.

Inventory:

Armour
 p - a +2 shield
Jewellery
 d - a ring of protection from cold (left tentacle)
 g - a +3 ring of intelligence (right tentacle)
Wands
 i - a wand of polymorph (6)
Scrolls
 c - a scroll of amnesia
 k - a scroll of fog
 l - a scroll of teleportation
Potions
 a - a potion of brilliance
 e - 2 potions of magic
 f - a potion of resistance {unknown}
 h - a potion of flight {unknown}
 j - a potion of lignification {unknown}
 m - a potion of degeneration {unknown}
 n - a potion of ambrosia
 o - a potion of might {unknown}
 q - 2 potions of haste {unknown}
Comestibles
 b - 7 rations


   Skills:
 + Level 2.6 Fighting
 - Level 2.0 Dodging
 - Level 2.6 Stealth
 + Level 2.7 Unarmed Combat
 * Level 4.8 Spellcasting
 + Level 5.2 Conjurations


You had 11 spell levels left.
You knew the following spells:

 Your Spells              Type           Power        Failure   Level  Hunger
a - Magic Dart            Conj           ####         1%          1    None
b - Dazzling Spray        Conj/Hex       ###...       11%         3    ##.....

Your spell library contained the following spells:

 Spells                   Type           Power        Failure   Level  Hunger
 Searing Ray              Conj           ####..       1%          2    None
 Iskenderun's Mystic Bla  Conj           ####....     12%         4    ####...
 Force Lance              Conj/Tloc      ###.....     34%         4    ####...
 Fulminant Prism          Conj/Hex       ###.......   34%         4    ####...


Dungeon Overview and Level Annotations

Branches:
Dungeon (5/15)
 Temple: D:4-7

Altars:
Fedhas


Innate Abilities, Weirdness & Mutations

You cannot wear most types of armour.
You are very stealthy in the water. (Stealth+)
You are amphibious.
You can wear up to eight rings at the same time.
You can use your tentacles to constrict eight enemies at once.
Your skin changes colour to match your surroundings (Stealth+).
Your rubbery body absorbs attacks. (AC +1, EV +1)


Message History

You tentacle-slap the centaur but do no damage.
The centaur hits you!
You tentacle-slap the centaur.
The centaur is lightly wounded.
The centaur barely misses you.
You completely miss the centaur.
The centaur is lightly wounded.
The centaur barely misses you. The centaur hits you!
You are feeling very hungry.
The centaur wields a +0 shortbow.
The centaur shoots an arrow.
The arrow closely misses you.
You see here an adder corpse.
The centaur shoots an arrow.
The arrow hits you!
* * * LOW HITPOINT WARNING * * *
The worker ant waves its antennae.
There is a stone staircase leading up, spattered with blood here.
You see here an arrow.
The centaur shoots an arrow.
The arrow barely misses you.
The centaur shoots an arrow.
The arrow hits you!
You die...

#############.##
...............#
.#####.#.####..# ^#
#.#.# #..#
.#####...## #..####
..........###.....#
####.......###.##.#
...........# #)##.##
####.......###.#@.(#
# ##.....#.ac.†..(#
# ##....#.W#.#...#
######.##.#..#.##.##
.............#.##.#
##.###.........##.#
#.............##.#
#..####..#.##.# .#
#..# #..#.##.# .#


You could see a phantom, a centaur and a worker ant.

Vanquished Creatures
  A water moccasin (D:5)
  An ogre (D:4)
  A crimson imp (D:5)
  An orc wizard (D:4)
  A hound (D:4)
  3 worker ants
  Robin (D:2)
  3 adders
  2 oozes
  6 worms
  2 dart slugs
  3 leopard geckos
  5 orcs
  3 bats
  4 giant cockroaches
  14 hobgoblins
  4 jackals
  2 quokkas
  A ball python (D:4)
  6 frilled lizards
  9 goblins
  A jackal zombie (D:5)
  5 kobolds
  8 rats
87 creatures vanquished.

Notes
Turn   | Place    | Note
-------+----------+-------------------------------------------
     0 | D:1      | Ponchio the Octopode Conjurer began the quest for the Orb.
     0 | D:1      | Reached XP level 1. HP: 11/11 MP: 3/3
    86 | D:1      | Reached XP level 2. HP: 17/17 MP: 5/5
   822 | D:1      | Reached XP level 3. HP: 14/21 MP: 7/7
  1480 | D:2      | Learned a level 3 spell: Dazzling Spray
  1966 | D:2      | Reached XP level 4. HP: 27/27 MP: 8/8
  2095 | D:2      | Noticed Robin
  2409 | D:2      | Reached skill level 1 in Unarmed Combat
  2791 | D:2      | Killed Robin
  2971 | D:3      | Reached skill level 1 in Fighting
  3959 | D:3      | Found a blossoming altar of Fedhas.
  4084 | D:5      | Entered Level 5 of the Dungeon
  4094 | D:5      | Reached XP level 5. HP: 5/33 MP: 2/10
  4785 | D:4      | Reached XP level 6. HP: 24/39 MP: 12/12
  5435 | D:5      | Noticed a water moccasin
  5448 | D:5      | Killed a water moccasin
  5448 | D:5      | Reached skill level 5 in Conjurations
  5448 | D:5      | Reached XP level 7. HP: 17/45 MP: 1/14
  6248 | D:5      | Shot with an arrow by a centaur

Levels and vault maps discovered:
D:1:      lemuel_arrival_tunnels, layout_basic, nrook_mini_backslash
D:2:      layout_basic, uniq_robin
D:3:      layout_loops_ring, old_standard_altar, corexii_item_surrounded_by_moat
D:4:      layout_loops_ring, first_ration
D:5:      layout_loops_ring, grunt_gozag_statues, serial_shops, shop_fountains

Skill      XL: |  1  2  3  4  5  6 |
---------------+-------------------+-----
Spellcasting   | 3 4 |  4.8
Unarmed Combat | 1 2 |  2.7
Fighting       | 1 2 |  2.6
Conjurations   | 5 |  5.2
Dodging        | |  2.0
Stealth        | |  2.6

Action                   |  1- 3 |  4- 6 |  7- 9 || total
-------------------------+-------+-------+-------++-------
Melee: Unarmed           |    81 |   174 |    38 ||   293
       Constrict         |    29 |    40 |     7 ||    76
       Tentacles         |    20 |    31 |     4 ||    55
       Short sword       |    21 |       |       ||    21
       Punch             |       |     2 |       ||     2
 Cast: Magic Dart        |     8 |    15 |       ||    23
       Dazzling Spray    |       |    13 |       ||    13
  Use: Scroll            |       |    10 |       ||    10
       Potion            |       |     3 |     1 ||     4
 Stab: Sleeping          |     5 |    14 |     2 ||    21
       Invisible         |       |     2 |       ||     2
  Eat: Chunk             |     3 |     6 |     1 ||    10
       Ration            |       |     2 |       ||     2
Armor: Skin              |    10 |     8 |     1 ||    19
Dodge: Dodged            |    68 |   111 |    30 ||   209
